 Dungeon Crawl Stone Soup version 0.26-a0-1181-gd376ed14c5 (webtiles) character file.

Game seed: 9887042079246182789

149 R01kk4 the Magician (level 5, -1/37 HPs)
             Began as a Demonspawn Hedge Wizard on Dec 25, 2020.
             Killed from afar by Ijyb (10 damage)
             ... with a puff of flame
             ... on level 3 of the Dungeon.
             The game lasted 00:16:08 (3371 turns).

R01kk4 the Magician (Demonspawn Hedge Wizard)       Turns: 3371, Time: 00:16:09

Health: -1/37      AC:  4    Str: 10    XL:     5   Next: 9%
Magic:  10/10      EV: 12    Int: 17    God:
Gold:   200        SH:  0    Dex: 12    Spells: 2/11 levels left

rFire    . . .     SeeInvis .   a - +0 dagger
rCold    . . .     Faith    .   (no shield)
rNeg     . . .     Spirit   .   b - +0 robe
rPois    .         Reflect  .   c - +0 hat
rElec    .         Harm     .   (no cloak)
rCorr    .         Rampage  .   (no gloves)
Will     .....                  (no boots)
Stlth    ++........             p - amulet of magic regeneration
HPRegen  0.12/turn              (no ring)
MPRegen  0.37/turn              (no ring)

@: no status effects
A: thin metallic scales 1, powered by pain 1
a: no special abilities


You were on level 3 of the Dungeon.
You visited 1 branch of the dungeon, and saw 4 of its levels.

You collected 200 gold pieces.

Inventory:

Hand Weapons
 a - a +0 dagger (weapon)
Missiles
 v - 5 silver boomerangs
Armour
 b - a +0 robe (worn)
 c - a +0 hat (worn)
 o - a +0 buckler
Jewellery
 e - an uncursed ring of magical power {unknown}
 i - a +6 ring of intelligence {unknown}
 p - an amulet of magic regeneration (around neck)
 r - an uncursed amulet of faith {unknown}
 s - an uncursed ring of willpower {unknown}
 w - a cursed amulet of inaccuracy {unknown}
Scrolls
 h - a scroll of enchant weapon {unknown}
 j - a scroll of remove curse
 l - a scroll of amnesia {unknown}
 m - a scroll of teleportation {unknown}
 n - a scroll of enchant armour {unknown}
 q - a scroll of noise {unknown}
Potions
 d - 2 potions of mutation {unknown}
 f - a potion of ambrosia {unknown}
 g - 4 potions of curing {unknown}
 k - a potion of degeneration {unknown}
 t - a potion of cancellation {unknown}
 u - a potion of brilliance {unknown}


   Skills:
 - Level 1.1 Fighting
 - Level 1.7 Dodging
 - Level 1.7 Stealth
 + Level 1.2 Shields
 + Level 3.7 Spellcasting
 + Level 3.0 Conjurations
 + Level 2.0 Summonings
 - Level 0.8 Translocations
 + Level 0.1 Fire Magic
 + Level 0.0 Air Magic
 + Level 0.0 Poison Magic


You had 2 spell levels left.
You knew the following spells:

 Your Spells              Type           Power        Failure   Level
a - Magic Dart            Conj           52%          4%          1
b - Call Imp              Summ           10%          11%         2
c - Conjure Flame         Conj/Fire      8%           26%         3
d - Mephitic Cloud        Conj/Pois/Air  6%           32%         3

Your spell library contained the following spells:

 Spells                   Type           Power        Failure   Level
 Blink                    Tloc           N/A          17%         2
 Slow                     Hex            3%           24%         2
 Gell's Gravitas          Tloc           3%           34%         3
 Confusing Touch          Hex            3%           43%         3
 Petrify                  Tmut/Erth      3%           85%         4
 Metabolic Englaciation   Hex/Ice        1%           99%         5
 Yara's Violent Unravell  Hex/Tmut       1%           99%         5


Dungeon Overview and Level Annotations

Branches:
Dungeon (4/15)
 Temple: D:4-7

Altars:
Elyvilon
Nemelex Xobeh
The Shining One

Annotations:
D:3 Ijyb
D:4 Duvessa, Eustachio, Natasha


Innate Abilities, Weirdness & Mutations

You are partially covered in thin metallic scales. (AC +2)
You sometimes gain a little power by taking damage.


Message History

Your crimson imp blinks!
Ijyb barely misses your shadow imp.
Your shadow imp hits Ijyb but does no damage.
Ijyb completely misses your shadow imp.
Your crimson imp blinks!
Your shadow imp hits Ijyb but does no damage.
Ijyb zaps a wand.
The puff of flame hits your shadow imp.
Your shadow imp closely misses Ijyb.
Ijyb barely misses your shadow imp.
Your shadow imp barely misses Ijyb.
Ijyb hits your shadow imp.
Your shadow imp dies!
Casting: Call Imp (safe; 11% risk of failure)
Confirm with . or Enter, or press ? or * to list all spells.
Aiming: Magic Dart (safe; 4% risk of failure)
Press: ? - help, Shift-Dir - straight line, f/p - Ijyb
Aim: Ijyb, wearing a +0 leather armour and carrying a wand of flame (9) (heavily wounded, 0% to evade)
The magic dart hits Ijyb but does no damage.
Ijyb is heavily wounded.
Ijyb screams, "Die!"
Ijyb zaps a wand.
The puff of flame hits you!
You die...

########.#####......#
#.# #......# #.#
#......# #.# #.(....#
#.# #......# #.#
######## #.#
#.################
#@†g...5..........
##################


You could see Ijyb and a friendly crimson imp (summoned).

Vanquished Creatures
  3 adders
  5 worms
  3 dart slugs (D:1)
  2 leopard geckos
  4 orcs (D:3)
  4 giant cockroaches
  6 goblins
  8 hobgoblins
  A quokka (D:3)
  A ball python (D:3)
  5 bats
  4 frilled lizards
  7 kobolds
  5 rats (D:1)
58 creatures vanquished.

Vanquished Creatures (collateral kills)
  2 orc priests (D:3)
  A worm (D:3)
  2 orcs (D:3)
  A hobgoblin (D:3)
6 creatures vanquished.

Grand Total: 64 creatures vanquished

Notes
Turn   | Place    | Note
-------+----------+-------------------------------------------
     0 | D:1      | R01kk4 the Demonspawn Hedge Wizard began the quest for the
                  | Orb.
     0 | D:1      | Reached XP level 1. HP: 13/13 MP: 4/4
   238 | D:1      | Gained mutation: You sometimes gain a little power by
                  | taking damage. [demonic ancestry]
   238 | D:1      | Reached XP level 2. HP: 6/20 MP: 0/6
   295 | D:1      | Learned a level 2 spell: Call Imp
   704 | D:1      | Reached skill level 1 in Fighting
  1143 | D:1      | Reached XP level 3. HP: 26/26 MP: 4/7
  1832 | D:2      | Learned a level 3 spell: Conjure Flame
  2424 | D:2      | Found a white marble altar of Elyvilon.
  2434 | D:2      | Found a sparkling altar of Nemelex Xobeh.
  2517 | D:2      | Found a glowing golden altar of the Shining One.
  2599 | D:3      | Gained mutation: You are partially covered in thin metallic
                  | scales. (AC +2) [demonic ancestry]
  2599 | D:3      | Reached XP level 4. HP: 32/32 MP: 6/9
  2664 | D:3      | Noticed an ogre
  2869 | D:4      | Noticed Natasha
  2869 | D:4      | Noticed Eustachio
  2872 | D:4      | Noticed Duvessa
  3024 | D:3      | Reached skill level 1 in Shields
  3066 | D:3      | Learned a level 3 spell: Mephitic Cloud
  3078 | D:3      | Reached XP level 5. HP: 32/37 MP: 7/10
  3322 | D:3      | Noticed Ijyb
  3371 | D:3      | Killed from afar by Ijyb

Illustrated notes

Levels and vault maps discovered:
D:1:      beargit_arrival_greenhouse, layout_basic, serial_aquarium,
          aquarium_bridge_straight [aquarium_subvault_bridge,
          aquarium_subvault_wall, aquarium_subvault_bridge,
          aquarium_subvault_balcony], aquarium_window_2, aquarium_window_1,
          aquarium_view_2e, aquarium_pool_2, minmay_stone_trees_small
D:2:      layout_rooms, amethyst_overflow_temple_binary,
          nicolae_tso_swordbearing_angel
D:3:      layout_basic, uniq_ijyb
D:4:      layout_basic, gup_sewer_entry_bowl, uniq_natasha, uniq_eustachio,
          uniq_duvessa

Skill      XL: |  1  2  3  4 |
---------------+-------------+-----
Fighting       | 1 |  1.1
Conjurations   | 2 3 |  3.0
Shields        | 1 |  1.2
Summonings     | 2 |  2.0
Dodging        | |  1.7
Stealth        | |  1.7
Spellcasting   | |  3.7
Translocations | |  0.8
Fire Magic     | |  0.1

Action                   |  1- 3 |  4- 6 || total
-------------------------+-------+-------++-------
Melee: Dagger            |    33 |     5 ||    38
 Cast: Magic Dart        |   129 |    77 ||   206
       Call Imp          |     3 |    12 ||    15
  Use: Scroll            |     4 |       ||     4
 Stab: Sleeping          |     2 |     1 ||     3
Armor: Robe              |     8 |     1 ||     9
Dodge: Dodged            |    31 |     9 ||    40

Table legend: (Time is in decaauts)
 A = Elapsed time spent in this place.
 B = Non-inter-level travel time spent in this place.
 C = Inter-level travel time spent in this place.
 D = Time resting spent in this place.
 E = Time spent auto-exploring this place.
 F = Levels seen in this place.
 G = Mean time per level.
                   A        B        C        D        E       F      G
               +--------+--------+--------+--------+--------+-----+--------+
         Total |   3372 |   3329 |     43 |    895 |   1750 |   4 |  843.0 |
       Dungeon |   3372 |   3329 |     43 |    895 |   1750 |   4 |  843.0 |
               +--------+--------+--------+--------+--------+-----+--------+

Top non-repeatable levels by time:
     D:1: 1652 daAuts
     D:2: 912 daAuts
     D:3: 797 daAuts
     D:4: 11 daAuts
